[Event "Titled Tuesday Blitz January 18 2022"]
[White "Izoria, Zviad"]
[Black "Saydaliev, Saidakbar"]
[WhiteFideId "13601733"]
[BlackFideId "14203693"]
[WhiteElo "2626"]
[BlackElo "2279"]
[Result "1-0"]
[Round "02"]
[TimeControl "180+1"]
[Date "2022.01.18"]
[WhiteClock "0:00:09"]
[BlackClock "0:00:04"]

1. Nf3 Nf6 2. c4 e6 3. g3 d5 4. Bg2 Be7 5. d4 O-O 6. Qc2 dxc4 7. Nbd2 c5 8. dxc5 Bxc5 9. Nxc4 Bd7 10. Nfe5 Bc6 11. Nxc6 Nxc6 12. Bxc6 bxc6 13. O-O Qd5 14. Be3 Ng4 15. Bxc5 Qxc5 16. h3 Nf6 17. Rac1 Rab8 18. b3 Rfd8 19. Ne3 Qa3 20. Nc4 Qc5 21. Kg2 h5 22. Rfd1 h4 23. g4 Nd5 24. e3 Nb4 25. Qe2 Qe7 26. Ne5 c5 27. Nf3 Nd5 28. Rc4 Nb6 29. Rxd8+ Rxd8 30. Rc2 Rd5 31. e4 Rd8 32. Qe3 Nd7 33. Rd2 Nf6 34. Rc2 Qb7 35. Ng5 Rd1 36. Qxc5 Rd8 37. Qc7 Qxc7 38. Rxc7 g6 39. Rxa7 Rd2 40. Kf3 Rb2 41. Nxf7 Nd7 42. Ng5 Ne5+ 43. Kf4 Nd3+ 44. Ke3 Nxf2 45. Rd7 e5 46. Rd2 Rxd2 47. Kxd2 Kg7 48. Ke2 Nh1 49. Nf3 Ng3+ 50. Ke3 g5 51. Nxe5 Kf6 52. Nf3 Nf1+ 53. Kd4 Nd2 54. Nxd2 1-0


[Site "https://www.chess.com"]

[Event "Titled Tuesday Blitz January 18 2022"]
[White "Jakubowska, Anna"]
[Black "Csonka, Balazs"]
[WhiteFideId "1121952"]
[BlackFideId "742910"]
[WhiteElo "1924"]
[BlackElo "2404"]
[Result "1/2-1/2"]
[Round "02"]
[TimeControl "180+1"]
[Date "2022.01.18"]
[WhiteClock "0:02:06"]
[BlackClock "0:01:01"]

1. e4 c5 2. Nf3 Nc6 3. d4 cxd4 4. Nxd4 Nf6 5. Nc3 e5 6. Ndb5 d6 7. Bg5 a6 8. Na3 b5 9. Nd5 Be7 10. Bxf6 Bxf6 11. c3 Bg5 12. Nc2 Rb8 13. Be2 O-O 14. O-O Ne7 15. Ncb4 Bb7 16. a4 a5 17. Nxe7+ Qxe7 18. Nd5 Bxd5 19. Qxd5 bxa4 20. Rxa4 Rxb2 21. Bc4 Qb7 22. Rxa5 Qxd5 23. Bxd5 Bd8 24. Ra6 Bb6 25. Ra2 Rxa2 26. Bxa2 g6 27. Rb1 Rb8 28. Kf1 Ba7 29. Rxb8+ Bxb8 1/2-1/2


[Site "https://www.chess.com"]

[Event "Titled Tuesday Blitz January 18 2022"]
[White "Kadam, Om Manish"]
[Black "Sychev, Klementy"]
[WhiteFideId "45076294"]
[BlackFideId "4114060"]
[WhiteElo "1729"]
[BlackElo "2564"]
[Result "1-0"]
[Round "02"]
[TimeControl "180+1"]
[Date "2022.01.18"]
[WhiteClock "0:00:18"]
[BlackClock "0:00:02"]

1. e4 c5 2. Nf3 e6 3. d4 cxd4 4. Nxd4 a6 5. c4 Nf6 6. Nc3 Qc7 7. Be2 Bb4 8. f3 O-O 9. Bd2 Bc5 10. Be3 d5 11. O-O e5 12. Nxd5 Nxd5 13. cxd5 Qb6 14. Rc1 exd4 15. Bf2 Nd7 16. a3 a5 17. Qd2 f5 18. exf5 Nf6 19. Bd3 Nxd5 20. Bc4 Rd8 21. Rfe1 Bxf5 22. Re5 Be6 23. b4 axb4 24. axb4 Bxb4 25. Qe2 Bf7 26. Qe4 Nf6 27. Bxf7+ Kxf7 28. Qf5 Re8 29. Rd5 Kg8 30. Rxd4 Rac8 31. Rxc8 Rxc8 32. Qxc8+ Bf8 33. Qc4+ Kh8 34. Rd1 1-0


[Site "https://www.chess.com"]

[Event "Titled Tuesday Blitz January 18 2022"]
[White "Kavyev, Ruslan"]
[Black "Kanyamarala, Trisha"]
[WhiteFideId "34110981"]
[BlackFideId "45004722"]
[WhiteElo "2182"]
[BlackElo "2002"]
[Result "1-0"]
[Round "02"]
[TimeControl "180+1"]
[Date "2022.01.18"]
[WhiteClock "0:01:29"]
[BlackClock "0:00:12"]

1. d4 Nf6 2. c4 e6 3. g3 d5 4. Bg2 dxc4 5. Nf3 a6 6. O-O Nc6 7. e3 Rb8 8. Qe2 b5 9. b3 cxb3 10. axb3 Bb7 11. Bd2 Be7 12. Rc1 O-O 13. Ne1 Nd5 14. Nc3 Na7 15. Ne4 Nc8 16. Nd3 Ncb6 17. Nec5 Qc8 18. Nxb7 Rxb7 19. Rxa6 Rb8 20. Ra5 Qd7 21. Ne5 Qc8 22. Nc6 Ra8 23. e4 Rxa5 24. exd5 Ba3 25. Ra1 Ra6 26. Rxa3 Re8 27. Rxa6 Qxa6 28. h4 h6 29. Qg4 Kh8 30. Qh5 Kg8 31. Qg4 Kh8 32. Ne5 Re7 33. dxe6 Rxe6 34. Nxf7+ Kg8 35. Qxe6 Qa1+ 36. Kh2 Qxd4 37. Nxh6+ Kh7 38. Be4+ Kh8 39. Qg8# 1-0


[Site "https://www.chess.com"]

[Event "Titled Tuesday Blitz January 18 2022"]
[White "Korchmar, Vasiliy"]
[Black "Dauner, Benedikt"]
[WhiteFideId "24131750"]
[BlackFideId "16225899"]
[WhiteElo "2370"]
[BlackElo "2230"]
[Result "1-0"]
[Round "02"]
[TimeControl "180+1"]
[Date "2022.01.18"]
[WhiteClock "0:01:42"]
[BlackClock "0:00:28"]

1. d4 d5 2. Bf4 c5 3. e3 cxd4 4. exd4 Nc6 5. Nf3 Bg4 6. Bb5 e6 7. c4 Nf6 8. Qa4 Bb4+ 9. Qxb4 Nd7 10. Bxc6 bxc6 11. Nbd2 f6 12. O-O Kf7 13. Rfe1 g5 14. Bd6 h5 15. cxd5 cxd5 16. Rac1 a5 17. Qb7 Rh7 18. Rc7 Kg6 19. h3 Bf5 20. Nf1 Nf8 21. Rxh7 Nxh7 22. Ng3 Bd3 23. Rxe6 Ba6 24. Ne5+ Kh6 25. Nf5# 1-0


[Site "https://www.chess.com"]

[Event "Titled Tuesday Blitz January 18 2022"]
[White "Kosteniuk, Alexandra"]
[Black "Balabayeva, Xeniya"]
[WhiteFideId "4128125"]
[BlackFideId "13719688"]
[WhiteElo "2469"]
[BlackElo "1940"]
[Result "0-1"]
[Round "02"]
[TimeControl "180+1"]
[Date "2022.01.18"]
[WhiteClock "0:00:03"]
[BlackClock "0:00:06"]

1. Nf3 d5 2. g3 Bg4 3. Bg2 Nd7 4. d4 e6 5. c4 c6 6. O-O Bd6 7. Nc3 Ngf6 8. h3 Bh5 9. cxd5 exd5 10. Qd3 O-O 11. Nh4 Re8 12. Nf5 Bc7 13. g4 Bg6 14. Bg5 Nf8 15. Bh4 Ne6 16. e3 h6 17. f4 Bh7 18. Rae1 b5 19. a3 a5 20. Rc1 Rc8 21. Ne2 Bb6 22. Neg3 Kf8 23. Nh5 g5 24. Nxf6 Qxf6 25. fxg5 Nxg5 26. Qd2 Qe6 27. Qf2 Bxf5 28. Qxf5 Qxf5 29. Rxf5 Rxe3 30. Bf2 Ree8 31. Rf1 Ne4 32. Be3 Rc7 33. Bxh6+ Kg8 34. Be3 Ng3 35. Rg5+ Kf8 36. Bf4 Ne2+ 37. Kh2 Nxf4 38. Rxf4 Rce7 39. Rgf5 Bc7 40. Kg3 Bxf4+ 41. Rxf4 Re2 42. g5 Kg7 43. h4 R8e3+ 44. Bf3 Rxb2 45. h5 b4 46. h6+ Kg8 47. axb4 axb4 48. Kg4 Rf2 49. h7+ Kxh7 50. Rxf7+ Kg8 51. Rf6 Rfxf3 0-1


[Site "https://www.chess.com"]

[Event "Titled Tuesday Blitz January 18 2022"]
[White "Krutko, Anatoly"]
[Black "Seo, Jung Min"]
[WhiteFideId "4185862"]
[BlackFideId "1734687"]
[WhiteElo "2378"]
[BlackElo "2401"]
[Result "1/2-1/2"]
[Round "02"]
[TimeControl "180+1"]
[Date "2022.01.18"]
[WhiteClock "0:00:08"]
[BlackClock "0:00:03"]

1. e4 c5 2. Ne2 Nc6 3. g3 d5 4. Bg2 dxe4 5. Bxe4 Nf6 6. Bg2 e5 7. d3 h6 8. Nbc3 Bd6 9. h3 Nd4 10. O-O O-O 11. Be3 Rb8 12. a4 b6 13. Nb5 a6 14. Nxd6 Qxd6 15. c3 Nxe2+ 16. Qxe2 Bb7 17. Rfd1 Bxg2 18. Kxg2 Nd5 19. d4 cxd4 20. cxd4 b5 21. axb5 axb5 22. dxe5 Qxe5 23. Rd2 Rfe8 24. Re1 Qe6 25. Qf3 Nb4 26. Rde2 Qc4 27. Bf4 Rxe2 28. Qxe2 Rc8 29. Qxc4 bxc4 30. Be5 Nd3 31. Re3 Re8 32. Bc3 Rxe3 33. fxe3 f5 34. Kf3 Kf7 35. Ke2 g5 36. Kd2 Nc5 37. Be5 Ne4+ 38. Ke2 Ke6 39. Bb8 h5 40. h4 g4 41. Bf4 Kd5 42. Bb8 Kc5 43. Bc7 Kb4 44. Be5 Kb3 45. Kd1 Nc5 46. Ke2 Nd3 47. Bh8 Nxb2 48. e4 fxe4 49. Ke3 c3 50. Bxc3 Kxc3 51. Kxe4 Kd2 52. Kf5 Ke3 53. Kg5 Kf3 54. Kxh5 Nc4 55. Kg5 Kxg3 56. h5 Ne5 57. Kf6 Nd7+ 58. Ke7 Ne5 59. Kf6 Kf4 60. h6 g3 61. h7 Ng4+ 62. Kg7 g2 63. h8=Q g1=Q 64. Qh4 Kf3 65. Qh3+ Kf4 66. Qh4 Qd4+ 67. Kf7 Qd5+ 68. Ke7 Qe5+ 69. Kd8 Qd4+ 70. Kc8 Qe4 71. Kb8 Qe5+ 72. Kb7 Qd6 73. Ka8 Kf5 74. Qh5+ Kf4 75. Qh4 Qd5+ 76. Ka7 Qc6 77. Kb8 Qd7 78. Ka8 Qc7 79. Qxg4+ Kxg4 1/2-1/2


[Site "https://www.chess.com"]

[Event "Titled Tuesday Blitz January 18 2022"]
[White "Kucuksari, Kaan"]
[Black "Sadovsky, Artem"]
[WhiteFideId "6380166"]
[BlackFideId "4155840"]
[WhiteElo "2305"]
[BlackElo "2369"]
[Result "1-0"]
[Round "02"]
[TimeControl "180+1"]
[Date "2022.01.18"]
[WhiteClock "0:00:02"]
[BlackClock "0:00:04"]

1. d4 g6 2. e4 Bg7 3. Nf3 d6 4. h3 c5 5. Nc3 cxd4 6. Nxd4 Nf6 7. Be3 O-O 8. Qd2 d5 9. e5 Ne4 10. Nxe4 dxe4 11. e6 f5 12. c3 Qc7 13. Bf4 Qb6 14. Bc4 Rd8 15. O-O Nc6 16. Bg5 Nxd4 17. cxd4 Rxd4 18. Qe2 Bxe6 19. Rac1 Rc8 20. Bxe6+ Qxe6 21. Rxc8+ Qxc8 22. Rc1 Qd7 23. Qc2 h6 24. Be3 Rd6 25. Qb3+ Kh7 26. Bxa7 Rd2 27. Be3 Rxb2 28. Qf7 Rb5 29. a4 Rd5 30. Kh2 Qd6+ 31. g3 Qd7 32. Kg2 Rd6 33. Qb3 Rc6 34. Rd1 Qe6 35. Qxb7 Rc2 36. a5 Qc4 37. Qxe7 Qe2 38. Rd7 Qf3+ 39. Kg1 Qd1+ 40. Rxd1 1-0


[Site "https://www.chess.com"]

[Event "Titled Tuesday Blitz January 18 2022"]
[White "Le, Tuan Minh"]
[Black "Sydoryka, Vladyslav"]
[WhiteFideId "12401153"]
[BlackFideId "14145928"]
[WhiteElo "2926"]
[BlackElo "2607"]
[Result "1-0"]
[Round "02"]
[TimeControl "180+1"]
[Date "2022.01.18"]
[WhiteClock "0:00:09"]
[BlackClock "0:00:05"]

1. d4 Nf6 2. Nf3 d5 3. Bf4 c5 4. c3 Nc6 5. e3 Qb6 6. Qc2 g6 7. Nbd2 Bf5 8. dxc5 Qxc5 9. Qb3 Bc8 10. Be2 Bg7 11. h3 Qa5 12. O-O O-O 13. Rfd1 Nd7 14. Qc2 e5 15. Bg3 Nb6 16. e4 dxe4 17. Nxe4 Bf5 18. a4 Nd7 19. Nh4 Bxe4 20. Qxe4 Rad8 21. Nf3 h6 22. b4 Qc7 23. a5 a6 24. Qc4 Kh7 25. h4 f5 26. Rd5 f4 27. Bh2 Nf6 28. Rxd8 Qxd8 29. Re1 Qd7 30. Bd3 Rd8 31. Bb1 Qd5 32. Qe2 e4 33. Nd4 Nxd4 34. cxd4 f3 35. gxf3 exf3 36. Qd3 Qxd4 37. Qxg6+ Kh8 38. Bg3 Qxb4 39. Rc1 Qg4 40. Qxg4 Nxg4 41. Be4 Ne5 42. Bxb7 Rd2 43. Be4 Kg8 44. Bb7 Ra2 45. Bd5+ Kf8 46. Bxa2 Ke7 47. Rc7+ Kf6 48. Rxg7 Kxg7 49. Bxe5+ Kf8 50. Bc4 Ke7 51. Bxa6 Kd7 52. Bc3 1-0


[Site "https://www.chess.com"]

[Event "Titled Tuesday Blitz January 18 2022"]
[White "Levitskiy, Andrey"]
[Black "Kosakowski, Jakub"]
[WhiteFideId "14132885"]
[BlackFideId "1185080"]
[WhiteElo "2301"]
[BlackElo "2476"]
[Result "0-1"]
[Round "02"]
[TimeControl "180+1"]
[Date "2022.01.18"]
[WhiteClock "0:00:02"]
[BlackClock "0:01:06"]

1. e4 c5 2. Nf3 e6 3. d4 cxd4 4. Nxd4 Nc6 5. Nc3 Qc7 6. g3 a6 7. Bg2 Nf6 8. O-O h5 9. h3 h4 10. g4 Be7 11. Nxc6 bxc6 12. f4 d6 13. Be3 Nd7 14. Ne2 d5 15. f5 Nf6 16. e5 Qxe5 17. Bf4 Qxb2 18. Rb1 Qa3 19. Nd4 Bd7 20. fxe6 fxe6 21. Qd2 O-O 22. Rfe1 Bc5 23. Kh1 Ne4 24. Bxe4 Qxh3+ 25. Bh2 dxe4 26. c3 e5 27. Nf5 Bxf5 28. gxf5 Rxf5 29. Qg2 Qxg2+ 30. Kxg2 Rf2+ 31. Kh3 e3 32. Rb7 Raf8 33. Rg1 R8f3+ 34. Kxh4 Rxh2+ 35. Kg4 Rf4+ 36. Kg5 e2 0-1


[Site "https://www.chess.com"]

[Event "Titled Tuesday Blitz January 18 2022"]
[White "Lugovskoy, Maxim"]
[Black "Viskelis, Darius"]
[WhiteFideId "24126454"]
[BlackFideId "12800830"]
[WhiteElo "2444"]
[BlackElo "1999"]
[Result "1-0"]
[Round "02"]
[TimeControl "180+1"]
[Date "2022.01.18"]
[WhiteClock "0:01:38"]
[BlackClock "0:00:01"]

1. e4 e5 2. Nf3 Nc6 3. Nc3 Nf6 4. d4 exd4 5. Nxd4 Bb4 6. Nxc6 bxc6 7. Bd3 O-O 8. O-O d5 9. exd5 cxd5 10. h3 c6 11. Qf3 h6 12. Bf4 Bd6 13. Ne2 Re8 14. Nd4 Qc7 15. Bxd6 Qxd6 16. Rad1 Rb8 17. b3 Ne4 18. Bxe4 Rxe4 19. c4 Be6 20. cxd5 Bxd5 21. Nf5 Qf6 22. Qg3 Rbb4 23. Ne3 Qf4 24. Qxf4 Rxf4 25. Rxd5 cxd5 26. Nxd5 a5 27. Nxf4 Rxf4 28. Rd1 a4 29. Rd2 g5 30. g3 Rb4 31. Rd3 Kg7 32. Kf1 f5 33. Ke2 f4 34. Kd2 fxg3 35. fxg3 axb3 36. axb3 Kg6 37. Kc3 Rb8 38. b4 Rc8+ 39. Kb3 Kf5 40. b5 Ke4 41. Rc3 Rb8 42. Kb4 Kd5 43. Rc6 h5 44. Rg6 g4 45. hxg4 hxg4 46. Rxg4 Rf8 47. Rg5+ Kd4 48. b6 Rf1 49. Kb5 Rb1+ 50. Kc6 Ke4 51. Rb5 Rc1+ 52. Kd6 Rd1+ 53. Ke6 Rh1 54. b7 Rh6+ 55. Kf7 Rh5 56. Rxh5 1-0


[Site "https://www.chess.com"]

[Event "Titled Tuesday Blitz January 18 2022"]
[White "Martin Carmona, Gaston Manuel"]
[Black "Punin, Andrii"]
[WhiteFideId "22284567"]
[BlackFideId "14112639"]
[WhiteElo "2161"]
[BlackElo "2357"]
[Result "0-1"]
[Round "02"]
[TimeControl "180+1"]
[Date "2022.01.18"]
[WhiteClock "0:00:19"]
[BlackClock "0:00:12"]

1. e4 c6 2. d4 d5 3. Nd2 dxe4 4. Nxe4 Bf5 5. Ng3 Bg6 6. h4 h6 7. Nf3 e6 8. Ne5 Bh7 9. Bd3 Bxd3 10. Qxd3 Nd7 11. f4 Be7 12. h5 Ngf6 13. Bd2 O-O 14. O-O-O c5 15. Nxd7 Qxd7 16. f5 Qxd4 17. Qf3 Qd5 18. fxe6 fxe6 19. Qb3 Qxb3 20. axb3 Ng4 21. Rde1 Bd6 22. Ne4 Rad8 23. Bc3 Nf2 24. Nxf2 Rxf2 25. Rxe6 Rxg2 26. Kb1 Bf8 27. Rhe1 Rg5 28. Rg6 Rxg6 29. hxg6 Rd6 30. Rg1 h5 31. Rg5 h4 32. Rh5 Rxg6 33. Rxh4 b6 34. Re4 a5 35. Re8 Kf7 36. Re4 Bd6 37. Ka2 Rg2 38. Kb1 g5 39. Re3 g4 40. Rd3 Ke6 41. Re3+ Kd7 42. Rd3 Kc6 43. Bf6 Rg1+ 44. Ka2 g3 45. Bh4 g2 46. Rd2 Rh1 47. Rxg2 Rxh4 48. Rd2 a4 49. bxa4 Rxa4+ 50. Kb3 Rb4+ 51. Ka2 Re4 52. c3 b5 53. Rg2 Re6 54. Rg8 Bc7 55. Rc8 Re2 56. Rg8 Kb6 57. Kb1 Be5 58. Rg4 Kc6 59. Rg6+ Kd5 60. Rg5 b4 61. cxb4 Rxb2+ 62. Kc1 Rxb4 63. Rg2 Rc4+ 64. Kb1 Rd4 65. Rg8 Kc4 66. Ka2 Rd2+ 67. Kb1 Rd1+ 68. Kc2 Rd5 69. Rg4+ Bd4 70. Rg8 Rf5 71. Rg2 Rf2+ 72. Rxf2 Bxf2 73. Kb1 Kc3 74. Ka1 Kc2 75. Ka2 c4 76. Ka1 c3 77. Ka2 Kd1 78. Ka1 c2 0-1


[Site "https://www.chess.com"]

[Event "Titled Tuesday Blitz January 18 2022"]
[White "Migot, Tangi"]
[Black "Holt, Conrad"]
[WhiteFideId "662445"]
[BlackFideId "2034387"]
[WhiteElo "2562"]
[BlackElo "2586"]
[Result "0-1"]
[Round "02"]
[TimeControl "180+1"]
[Date "2022.01.18"]
[WhiteClock "0:00:11"]
[BlackClock "0:00:35"]

1. e4 e6 2. d4 d5 3. Nc3 Nf6 4. e5 Nfd7 5. f4 c5 6. Nf3 Nc6 7. Be3 cxd4 8. Nxd4 Bc5 9. Qd2 O-O 10. O-O-O a6 11. Qf2 Bxd4 12. Bxd4 b5 13. Bd3 b4 14. Ne2 a5 15. Kb1 Ba6 16. h4 a4 17. Nc1 Qa5 18. h5 b3 19. cxb3 axb3 20. a3 Qa4 21. Bxa6 Rxa6 22. Rh3 Rb8 23. g4 Rb4 24. Rhd3 Nxd4 25. Rxd4 Rc4 26. Rxc4 dxc4 27. Qd4 Ra7 28. Ne2 Rc7 29. Nc3 Qc6 30. f5 h6 31. Ne4 Nb6 32. fxe6 fxe6 33. g5 Rd7 34. Nd6 Qg2 35. gxh6 Qc2+ 36. Ka1 c3 37. Rb1 Ra7 38. Qxc3 Rxa3+ 39. bxa3 Qa2# 0-1


[Site "https://www.chess.com"]

[Event "Titled Tuesday Blitz January 18 2022"]
[White "Milosevic, Milos"]
[Black "Samunenkov, Ihor"]
[WhiteFideId "964875"]
[BlackFideId "14187086"]
[WhiteElo "2198"]
[BlackElo "2406"]
[Result "1/2-1/2"]
[Round "02"]
[TimeControl "180+1"]
[Date "2022.01.18"]
[WhiteClock "0:00:04"]
[BlackClock "0:00:03"]

1. e4 c5 2. Nc3 Nc6 3. f4 g6 4. Nf3 Bg7 5. Bb5 Nd4 6. a4 a6 7. Bc4 d6 8. O-O Bg4 9. Bxf7+ Kxf7 10. Ng5+ Ke8 11. Qxg4 Nf6 12. Qd1 Qd7 13. e5 dxe5 14. fxe5 Nd5 15. Nce4 Rc8 16. c3 Ne6 17. Nxe6 Qxe6 18. d4 cxd4 19. cxd4 b6 20. Ng5 Qc6 21. Bd2 h6 22. Rc1 Qd7 23. Nf7 Rf8 24. Rxc8+ Qxc8 25. Nxh6 Qc4 26. Rxf8+ Bxf8 27. Qg4 Qc2 28. h4 Kd8 29. Qe6 Qd1+ 30. Kh2 Qxd2 31. Qxd5+ Kc7 32. Nf7 Qf4+ 33. g3 Qf2+ 34. Kh3 Qf1+ 35. Kh2 Qf2+ 36. Kh3 Qf1+ 37. Kh2 Qf2+ 1/2-1/2


[Site "https://www.chess.com"]

[Event "Titled Tuesday Blitz January 18 2022"]
[White "Muradli, Mahammad"]
[Black "Mitusov, Semen"]
[WhiteFideId "13409301"]
[BlackFideId "14151049"]
[WhiteElo "2947"]
[BlackElo "2613"]
[Result "1-0"]
[Round "02"]
[TimeControl "180+1"]
[Date "2022.01.18"]
[WhiteClock "0:01:05"]
[BlackClock "0:00:04"]

1. d4 d5 2. c4 dxc4 3. Nf3 Nf6 4. e3 Bg4 5. Bxc4 e6 6. O-O a6 7. h3 Bh5 8. Nc3 Nc6 9. a3 Bd6 10. Be2 O-O 11. b4 Qe7 12. Bb2 Rad8 13. Nd2 Bxe2 14. Qxe2 Be5 15. Rad1 Bd6 16. Nc4 e5 17. d5 Nb8 18. e4 Ne8 19. Rfe1 Nd7 20. f4 Qh4 21. f5 Nef6 22. Qf3 Nh5 23. Ne2 Rde8 24. Bc1 Ndf6 25. g4 Nf4 26. Nxf4 exf4 27. e5 g5 28. Re2 Nd7 29. e6 Nf6 30. Bb2 fxe6 31. dxe6 h5 32. Rg2 hxg4 33. hxg4 Kg7 34. Nxd6 cxd6 35. Rh2 Qg3+ 36. Qxg3 fxg3 37. Rg2 Re7 38. Rxd6 Rc8 39. Rxg3 Rc2 40. Be5 Rc1+ 41. Kf2 Rc2+ 42. Ke1 Rc1+ 43. Kd2 Rcc7 44. Rgd3 b5 45. Rd7 Rb7 46. Rxb7 1-0


[Site "https://www.chess.com"]

[Event "Titled Tuesday Blitz January 18 2022"]
[White "Narayanan.S.L"]
[Black "Khumalo, Keith"]
[WhiteFideId "5058422"]
[BlackFideId "14319470"]
[WhiteElo "2494"]
[BlackElo "1992"]
[Result "1-0"]
[Round "02"]
[TimeControl "180+1"]
[Date "2022.01.18"]
[WhiteClock "0:01:31"]
[BlackClock "0:00:31"]

1. f4 Nf6 2. Nf3 g6 3. g3 Bg7 4. Bg2 O-O 5. O-O c5 6. d3 d6 7. e4 Nc6 8. h3 Rb8 9. g4 b5 10. f5 c4 11. Nc3 cxd3 12. cxd3 Ne5 13. Be3 b4 14. Ne2 Ba6 15. Nf4 Nxf3+ 16. Rxf3 Nd7 17. d4 Bb7 18. Rf2 Nf6 19. Qd3 Qa5 20. g5 Nd7 21. h4 Rfc8 22. h5 Nf8 23. fxg6 hxg6 24. hxg6 fxg6 25. Nd5 Bxd5 26. exd5 Qb5 27. Qe4 Re8 28. Bh3 e5 29. dxe6 d5 30. Qf3 Rb7 31. Rc1 Nxe6 32. Bxe6+ Rxe6 33. Rc8+ Re8 34. Rxe8+ Qxe8 35. Qxd5+ Rf7 36. Kf1 Kf8 37. Qd6+ Kg8 38. Qd5 Kf8 39. Qc5+ Kg8 40. d5 Bxb2 41. d6 Bc3 42. Qd5 Kf8 43. d7 Rxf2+ 44. Bxf2 Qd8 45. Bc5+ Kg7 46. Qe6 Qxg5 47. Qe7+ Qxe7 48. Bxe7 b3 49. axb3 Ba5 50. d8=Q Bxd8 51. Bxd8 Kf7 52. Ke2 Ke6 53. Kd3 Kd5 54. Kc3 Kc5 55. Kb2 Kb4 56. Be7+ Kb5 57. Ka3 Kc6 58. Ka4 Kd5 59. b4 Kc6 60. Ka5 Kd5 61. Ka6 Kc4 62. b5 g5 63. Bxg5 1-0


[Site "https://www.chess.com"]

[Event "Titled Tuesday Blitz January 18 2022"]
[White "Nazari, Arad"]
[Black "Kraus, Tomas"]
[WhiteFideId "12577324"]
[BlackFideId "331708"]
[WhiteElo "2120"]
[BlackElo "2389"]
[Result "1-0"]
[Round "02"]
[TimeControl "180+1"]
[Date "2022.01.18"]
[WhiteClock "0:00:06"]
[BlackClock "0:00:01"]

1. Nf3 Nf6 2. g3 g6 3. Bg2 Bg7 4. O-O O-O 5. c4 d6 6. Nc3 e5 7. d3 Nc6 8. a3 a5 9. Rb1 Bf5 10. b4 axb4 11. axb4 Qd7 12. Re1 Rfe8 13. Bg5 e4 14. Bxf6 exf3 15. Bxg7 fxe2 16. Nxe2 Kxg7 17. Qd2 Bg4 18. Qc3+ f6 19. Bxc6 bxc6 20. Nd4 c5 21. Nc2 Ra2 22. Ne3 Bf3 23. Nd5 Bxd5 24. cxd5 Qf5 25. Rf1 Ree2 26. Ra1 Rac2 27. Qb3 Rxf2 28. Qxc2 Rxc2 29. Rxf5 gxf5 30. b5 Rd2 31. Ra7 Rxd3 32. Rxc7+ Kg6 33. b6 Rb3 34. Rc6 c4 35. Rxd6 c3 36. Rc6 f4 37. gxf4 Kf5 38. d6 c2 39. d7 Rxb6 40. d8=Q Rxc6 41. Qd7+ Re6 42. Qd3+ Re4 43. Qxc2 Kxf4 44. Kg2 Re5 45. Qc7 h5 46. Qh7 Kg5 47. Qg7+ Kf5 48. Kf3 Ke6 49. Qg8+ Ke7 50. Kf4 Rg5 51. Qh7+ Ke6 52. h3 Re5 53. Qd3 Rg5 54. Qd8 Re5 55. Qe8+ Kd6 56. Qf7 1-0


[Site "https://www.chess.com"]

[Event "Titled Tuesday Blitz January 18 2022"]
[White "Nesterov, Arseniy"]
[Black "Ambartsumova, Karina"]
[WhiteFideId "24198455"]
[BlackFideId "4166299"]
[WhiteElo "2905"]
[BlackElo "2594"]
[Result "1-0"]
[Round "02"]
[TimeControl "180+1"]
[Date "2022.01.18"]
[WhiteClock "0:01:58"]
[BlackClock "0:00:29"]

1. d4 Nf6 2. c4 e6 3. Nc3 d5 4. Nf3 Be7 5. Bg5 O-O 6. e3 h6 7. Bh4 Ne4 8. Bxe7 Qxe7 9. Rc1 Nxc3 10. Rxc3 c6 11. Bd3 Nd7 12. O-O dxc4 13. Rxc4 e5 14. Bb1 e4 15. Nd2 Nf6 16. Rc5 Be6 17. Re5 Ng4 18. Qxg4 f5 19. Qd1 Rf6 20. Bc2 1-0


[Site "https://www.chess.com"]

[Event "Titled Tuesday Blitz January 18 2022"]
[White "Nguyen Hong Nhung"]
[Black "Ezat, Mohamed"]
[WhiteFideId "12412201"]
[BlackFideId "10600906"]
[WhiteElo "1661"]
[BlackElo "2386"]
[Result "0-1"]
[Round "02"]
[TimeControl "180+1"]
[Date "2022.01.18"]
[WhiteClock "0:00:05"]
[BlackClock "0:00:17"]

1. e4 c6 2. d4 d5 3. f3 e6 4. Nc3 Bb4 5. Bf4 Nf6 6. Qd3 b6 7. Ne2 a5 8. a3 Be7 9. e5 Nfd7 10. h4 c5 11. h5 h6 12. Nb5 Nc6 13. g4 Ba6 14. a4 Rc8 15. Kf2 cxd4 16. Rc1 Ncxe5 17. Nc7+ Rxc7 18. Qxa6 d3 19. cxd3 O-O 20. d4 Nc4 21. Bxc7 Qxc7 22. b3 Nc5 23. dxc5 Bxc5+ 24. Kg2 Ne3+ 25. Kh3 f5 26. g5 hxg5 27. f4 gxf4 28. Bg2 g5 29. Rxc5 Qxc5 30. Qb7 g4+ 31. Kh2 f3 32. Rc1 Qd6+ 33. Ng3 fxg2 34. Rc7 g1=Q+ 35. Kxg1 Qxg3+ 36. Kh1 Qg2# 0-1


[Site "https://www.chess.com"]

[Event "Titled Tuesday Blitz January 18 2022"]
[White "Nigmatov, Ortik"]
[Black "Papp, Petra"]
[WhiteFideId "14202131"]
[BlackFideId "739049"]
[WhiteElo "2378"]
[BlackElo "2259"]
[Result "1-0"]
[Round "02"]
[TimeControl "180+1"]
[Date "2022.01.18"]
[WhiteClock "0:01:05"]
[BlackClock "0:00:04"]

1. e4 d6 2. d4 Nf6 3. Nc3 e5 4. Nf3 Nbd7 5. Bc4 Be7 6. O-O O-O 7. a4 exd4 8. Qxd4 Nb6 9. Bb3 a5 10. h3 Nfd7 11. Bf4 Bf6 12. Qe3 Nc5 13. Rad1 Nxb3 14. cxb3 Qe7 15. Bxd6 cxd6 16. Qxb6 Be6 17. Rxd6 Ra6 18. Rxe6 Rxb6 19. Rxe7 Bxe7 20. Nd5 Re6 21. Re1 Bc5 22. Ng5 Re5 23. Nf3 Re6 24. Ng5 Rg6 25. h4 Re8 26. Kf1 h6 27. Nf3 b6 28. Nd2 Kh7 29. Nc4 Rc6 30. g4 f6 31. f3 Bd4 32. h5 Bc5 33. Rd1 Rce6 34. Nc7 R6e7 35. Nxe8 Rxe8 36. Rd7 Re6 37. Kg2 Kg8 38. Kf1 Kf8 39. Ke2 Kg8 40. Ne3 Bxe3 41. Kxe3 Rc6 42. Rb7 Kf8 43. Kf4 Rc2 44. Rxb6 Rxb2 45. Rb5 Rb1 46. Kf5 Kg8 47. Kg6 Kf8 48. Rb8+ Ke7 49. Kxg7 Rf1 50. Rb7+ Ke8 51. Kxf6 Rxf3+ 52. Kg6 Re3 53. Kxh6 Rxe4 54. g5 Rg4 55. g6 Kf8 56. Rb8+ Ke7 57. g7 Kf7 58. Rf8+ Ke7 59. g8=Q 1-0


[Site "https://www.chess.com"]

[Event "Titled Tuesday Blitz January 18 2022"]
[White "Obolenskikh, Dmitry"]
[Black "Piesik, Piotr"]
[WhiteFideId "4156013"]
[BlackFideId "1136194"]
[WhiteElo "2512"]
[BlackElo "2232"]
[Result "1-0"]
[Round "02"]
[TimeControl "180+1"]
[Date "2022.01.18"]
[WhiteClock "0:01:19"]
[BlackClock "0:01:43"]

1. Nf3 g6 2. e4 Bg7 3. d4 c6 4. Nc3 d6 5. h3 Nf6 6. Be3 O-O 7. a4 Nbd7 8. Be2 e5 9. O-O Qe7 10. Re1 a5 11. Bc4 Nh5 12. Qd2 exd4 13. Nxd4 Nc5 14. Bg5 Nf6 15. Rad1 Rd8 16. Qf4 Ne6 17. Nxe6 Bxe6 18. Nd5 cxd5 19. exd5 Nh5 20. Bxe7 Nxf4 21. dxe6 Rdc8 22. exf7+ Kh8 23. Bb5 Rc7 24. Rxd6 1-0


[Site "https://www.chess.com"]

[Event "Titled Tuesday Blitz January 18 2022"]
[White "Odegov, Artem"]
[Black "Vokhidov, Shamsiddin"]
[WhiteFideId "34183644"]
[BlackFideId "14204223"]
[WhiteElo "2277"]
[BlackElo "2611"]
[Result "0-1"]
[Round "02"]
[TimeControl "180+1"]
[Date "2022.01.18"]
[WhiteClock "0:00:48"]
[BlackClock "0:01:45"]

1. d4 Nf6 2. c4 e6 3. Nf3 d5 4. Nc3 Bb4 5. Bg5 h6 6. Bxf6 Qxf6 7. e3 O-O 8. Qc2 c5 9. Be2 cxd4 10. exd4 Nc6 11. Rd1 dxc4 12. O-O Bxc3 13. bxc3 b5 14. Nd2 Bb7 15. Ne4 Qg6 16. Qb1 f5 17. Ng3 Rab8 18. Rfe1 Ne7 19. Qxb5 f4 20. Bh5 fxg3 21. hxg3 Qf6 22. Qxc4 Qxf2+ 0-1


[Site "https://www.chess.com"]

[Event "Titled Tuesday Blitz January 18 2022"]
[White "Omelja, Artem"]
[Black "Jobava, Baadur"]
[WhiteFideId "14119846"]
[BlackFideId "13601520"]
[WhiteElo "2598"]
[BlackElo "2906"]
[Result "0-1"]
[Round "02"]
[TimeControl "180+1"]
[Date "2022.01.18"]
[WhiteClock "0:00:29"]
[BlackClock "0:01:58"]

1. d4 d5 2. c4 dxc4 3. e3 e5 4. Bxc4 exd4 5. exd4 Nf6 6. Nf3 Bd6 7. O-O O-O 8. h3 h6 9. Nc3 Nc6 10. Re1 Bf5 11. d5 Ne7 12. Be3 Bh7 13. Bd3 Bxd3 14. Qxd3 Nexd5 15. Nxd5 Nxd5 16. Bxh6 gxh6 17. Qf5 c6 18. Re4 Qf6 19. Rg4+ Kh8 20. Qd7 Rab8 21. Rd1 Rfd8 0-1


[Site "https://www.chess.com"]